 Dungeon Crawl Stone Soup version 0.28-a0-247-gb8bfbab023 (webtiles) character file.

Game seed: 15186468744026892969

298 Raultor the Insei (level 6, -2/41 HPs)
             Began as an Octopode Transmuter on Aug 25, 2021.
             Slain by an orc wizard (3 damage)
             ... on level 4 of the Dungeon.
             The game lasted 00:13:28 (3863 turns).

Raultor the Insei (Octopode Transmuter)             Turns: 3863, Time: 00:13:29

Health: -2/41      AC:  1    Str: 11    XL:     6   Next: 36%
Magic:  10/10      EV: 14    Int: 15    God:
Gold:   136        SH:  0    Dex: 19    Spells: 5/11 levels left

rFire   + . .      SeeInvis .     - Unarmed
rCold   . . .      Faith    .   (no shield)
rNeg    . . .      Spirit   .   (helmet restricted)
rPois   .          Reflect  .   (no amulet)
rElec   .          Harm     .   D - +6 ring of dexterity
rCorr   .          Rampage  .   F - ring of protection from fire
Will    .....                   (no ring)
Stlth   ++........              (no ring)
HPRegen 0.13/turn               (no ring)
MPRegen 0.12/turn               (no ring)
                                (no ring)
                                (no ring)

@: confused
A: almost no armour, amphibious, 8 rings, camouflage 1, gelatinous body 1,
(nimble swimmer 1), tentacles
a: no special abilities


You were on level 4 of the Dungeon.
You visited 1 branch of the dungeon, and saw 4 of its levels.
You also visited: Sewer.

You collected 136 gold pieces.


Innate Abilities, Weirdness & Mutations

You cannot wear most types of armour.
You are amphibious.
You can wear up to eight rings at the same time.
Your skin changes colour to match your surroundings (Stealth+).
Your rubbery body absorbs attacks. (AC +1, EV +1)
((You are camouflaged near water. (Stealth+)))
You have tentacles for arms and can constrict up to eight enemies at once.


   Skills:
 + Level 2.4 Fighting
 - Level 2.3 Dodging
 + Level 1.5 Stealth
 * Level 4.4 Unarmed Combat
 + Level 3.0 Spellcasting
 * Level 4.0 Transmutations


You had 5 spell levels left.
You knew the following spells:

 Your Spells              Type           Power      Damage    Failure   Level
b - Beastly Appendage     Tmut           28%        N/A       3%          1
s - Spider Form           Tmut/Pois      4%         N/A       26%         3
w - Wereblood             Tmut           14%        N/A       6%          2

Your spell library contained the following spells:

 Spells                   Type           Power      Damage    Failure   Level
 Corpse Rot               Necr/Air       N/A        N/A       30%         2
 Poisonous Vapours        Pois/Air       4%         N/A       30%         2
 Portal Projectile        Hex/Tloc       4%         N/A       52%         3
 Ice Form                 Ice/Tmut       8%         N/A       65%         4
 Blade Hands              Tmut           7%         N/A       71%         5
 Summon Ice Beast         Ice/Summ       2%         N/A       89%         4
 Excruciating Wounds      Necr           1%         N/A       99%         5
 Freezing Cloud           Conj/Ice/Air   1%         6-21      99%         5
 Summon Mana Viper        Hex/Summ       2%         N/A       99%         5
 Monstrous Menagerie      Summ           1%         N/A       100%        7

Inventory:

Missiles
 c - 84 stones
Jewellery
 D - a +6 ring of dexterity (left tentacle)
 F - a ring of protection from fire (right tentacle)
Wands
 o - a wand of polymorph (10)
Scrolls
 b - a scroll of vulnerability {unknown}
 d - 2 scrolls of enchant weapon {unknown}
 e - 2 scrolls of identify {unknown}
 i - 2 scrolls of brand weapon {unknown}
 k - a scroll of teleportation {unknown}
 l - a scroll of fear {unknown}
Potions
 a - a potion of might {unknown}
 f - a potion of magic {unknown}
 g - a potion of heal wounds {unknown}
 h - a potion of curing {unknown}
 j - a potion of brilliance {unknown}
 m - a potion of cancellation {unknown}
 n - a potion of berserk rage {unknown}
 p - a potion of attraction {unknown}

Dungeon Overview and Level Annotations

Branches:
Dungeon (4/15)              Sewer (visited)
 Temple: D:4-7

Altars:
Wu Jian

Annotations:
D:3 2 transporters, ma3's ghost, weakling BaAM ... .... ... o.. .. .g. .ogo#

g#.## .o.
##. #.#
.....#g#####
#..oggo@#
#.#o###{#
#.#.# #.# #
#.# #.# ..#
#.# ### #.#
#.# #<# #.#


You could see a gnoll shaman, an orc priest, 2 gnolls and 2 orcs.


Message History

The orc priest invokes the aid of Beogh against you.
Beogh smites you!
* * * LOW HITPOINT WARNING * * *
Unknown command.
You barely miss the orc.
Your tentacle-slap misses the orc.
You squeeze the orc.
The orc is almost dead.
The orc closely misses you. Something hits you.
* * * LOW HITPOINT WARNING * * *
Unknown command.
You tentacle-slap the orc.
You feel a bit better.
You kill the orc!
Something hits you.
* * * LOW HITPOINT WARNING * * *
Your Transmutations skill increases to level 4!
You bump into the rock wall.
You howl as the wereblood boils in your veins!
Something barely misses you.
You bump into the rock wall.
You howl as the wereblood boils in your veins!
The orc barely misses you.
You hear some strange, mumbled words.
Something tries to affect you, but you resist.
Unknown command.
You bump into the rock wall.
Your primal bloodlust has ended.
The orc hits you with a +0 club.
* * * LOW HITPOINT WARNING * * *
Something hits you.
You die...

Skill      XL: |  1  2  3  4  5  6 |
---------------+-------------------+-----
Transmutations | 3 4 |  4.0
Fighting       | 2 |  2.4
Unarmed Combat | 4 |  4.4
Stealth        | 1 |  1.5
Spellcasting   | 3 |  3.0
Dodging        | |  2.3

Action                   |  1- 3 |  4- 6 || total
-------------------------+-------+-------++-------
Melee: Unarmed           |    86 |   144 ||   230
       Kick              |     9 |     5 ||    14
       Tentacles         |    16 |    31 ||    47
       Constrict         |    13 |    36 ||    49
       Punch             |     4 |     8 ||    12
 Cast: Beastly Appendage |    11 |     3 ||    14
       Wereblood         |     5 |     8 ||    13
 Stab: Sleeping          |     5 |    13 ||    18
       Distracted        |       |     1 ||     1
Armor: Skin              |     2 |     6 ||     8
Dodge: Dodged            |    45 |    66 ||   111

Levels and vault maps discovered:
D:1:      dpeg_arrival_prison, layout_basic, ebering_ecumenical_altar_webs
D:2:      layout_rooms, serial_park_tiny_pond, uniq_robin
D:3:      layout_loops_ring, nicolae_wu_jian_wuxing_cycle,
          gammafunk_ghost_arena, portal_sewer_entry_f, grunt_ministairs_4,
          grunt_decor_fettered, uniq_jessica, uniq_terence
D:4:      layout_basic, overflow_temple_1_default, kb_xom_exploding_sheep,
          lemuel_doored_altar

Notes
Turn   | Place    | Note
-------+----------+-------------------------------------------
     0 | D:1      | Raultor the Octopode Transmuter began the quest for the
                  | Orb.
     0 | D:1      | Reached XP level 1. HP: 13/13 MP: 3/3
    87 | D:1      | Reached XP level 2. HP: 7/18 MP: 3/5
   257 | D:1      | Found a faded altar of an unknown god.
   759 | D:1      | Learned a level 2 spell: Wereblood
   770 | D:1      | Reached XP level 3. HP: 19/23 MP: 3/6
  1580 | D:2      | Reached XP level 4. HP: 19/28 MP: 5/7
  1587 | D:2      | Learned a level 3 spell: Spider Form
  1705 | D:2      | Noticed Robin
  1723 | D:2      | Killed Robin
  1724 | D:2      | Reached skill level 3 in Transmutations
  1844 | D:2      | Reached XP level 5. HP: 31/34 MP: 6/8
  1899 | D:2      | Reached skill level 2 in Fighting
  2184 | D:2      | Reached skill level 4 in Unarmed Combat
  2637 | D:3      | Found an ornate altar of the Wu Jian Council.
  2729 | D:3      | Found a glowing drain.
  2738 | Sewer    | Entered a sewer
  2805 | Sewer    | Reached skill level 1 in Stealth
  2805 | Sewer    | Reached XP level 6. HP: 29/39 MP: 10/10
  3132 | D:3      | Noticed Jessica
  3140 | D:3      | Killed Jessica
  3239 | D:3      | Noticed Terence
  3250 | D:3      | Killed Terence
  3348 | D:3      | Noticed a sky beast
  3349 | D:3      | Found a transporter.
  3349 | D:3      | Noticed ma3's ghost (weakling BaAM)
  3367 | D:3      | Found a transporter.
  3846 | D:4      | Reached skill level 3 in Spellcasting
  3860 | D:4      | HP: 4/41 [something (3)]
  3861 | D:4      | Reached skill level 4 in Transmutations
  3863 | D:4      | HP: 1/41 [orc (4)]
  3863 | D:4      | Slain by an orc wizard

Vanquished Creatures
  Terence (D:3)
  Jessica (D:3)
  Robin (D:2)
  2 gnolls
  2 river rats (Sewer)
  9 adders
  2 worms
  4 dart slugs
  2 orcs
  11 endoplasms
  3 giant cockroaches
  13 goblins
  7 hobgoblins
  7 jackals
  3 kobolds
  3 quokkas
  9 ball pythons
  9 frilled lizards
  12 rats
101 creatures vanquished.

Table legend: (Time is in decaauts)
 A = Elapsed time spent in this place.
 B = Non-inter-level travel time spent in this place.
 C = Inter-level travel time spent in this place.
 D = Time resting spent in this place.
 E = Time spent auto-exploring this place.
 F = Levels seen in this place.
 G = Mean time per level.
                   A        B        C        D        E       F      G
               +--------+--------+--------+--------+--------+-----+--------+
         Total |   3847 |   3782 |     65 |    119 |   2677 |   5 |  769.4 |
       Dungeon |   3463 |   3398 |     65 |    119 |   2443 |   4 |  865.8 |
         Sewer |    383 |    383 |      0 |      0 |    234 |   1 |  383.0 |
               +--------+--------+--------+--------+--------+-----+--------+

Top non-repeatable levels by time:
     D:1: 1415 daAuts
     D:3: 1147 daAuts
     D:2: 860 daAuts
   Sewer: 383 daAuts
     D:4: 39 daAuts

Table legend:
 A = Non-vault XP
 B = Vault XP
 C = Vault XP percentage of total XP
 D = Non-vault monster count
 E = Vault monster count
 F = Vault count percentage of total count
                 A         B        C        D         E       F
            +---------+---------+-------+---------+---------+-------
      Total |     240 |     187 |  43.8 |      62 |      39 |  38.6
            +---------+---------+-------+---------+---------+-------
        D:1 |      64 |       3 |   4.5 |      26 |       2 |   7.1
        D:2 |     123 |      35 |  22.2 |      27 |      11 |  28.9
        D:3 |      35 |      92 |  72.4 |       7 |       9 |  56.2
        D:4 |      18 |       0 |   0.0 |       2 |       0 |   0.0
      Sewer |       0 |      57 | 100.0 |       0 |      17 | 100.0
            +---------+---------+-------+---------+---------+-------
